 Dungeon Crawl Stone Soup version 0.30-b1-2-g02819fbbbe (webtiles) character file.

Game seed: 14127436850055609502

8 Alarkh the Vexing (level 2, 21/21 HPs)
             Began as a Demonspawn Hexslinger on July 8, 2023.
             Got out of the dungeon alive.
             The game lasted 00:00:11 (205 turns).

Alarkh the Vexing (Demonspawn Hexslinger)            Turns: 205, Time: 00:00:11

Health: 21/21      AC:  2    Str: 10    XL:     2   Next: 0%
Magic:  3/3        EV: 12    Int: 14    God:
Gold:   20         SH:  0    Dex: 13    Spells: 2/3 levels left

rFire   . . .        a - +1 sling
rCold   . . .        (no shield)
rNeg    . . .        c - +0 robe
rPois   .            (no helmet)
rElec   .            (no cloak)
rCorr   .            (no gloves)
SInv    .            (no boots)
Will    .....        (no amulet)
Stlth   +            (no ring)
HPRegen 0.23/turn    (no ring)
MPRegen 0.08/turn

%: no passive effects
@: no status effects
A: spiny 1
a: no special abilities


You escaped.
You visited 1 branch of the dungeon, and saw 1 of its levels.

You collected 20 gold pieces.

Inventory:

Hand Weapons
 a - a +1 sling (weapon)
Armour
 c - a +0 robe (worn)
Scrolls
 b - a scroll of poison
 d - a scroll of teleportation {unknown}


   Skills:
 + Level 1.4 Fighting
 * Level 2.2 Ranged Weapons
 - Level 1.7 Dodging
 - Level 1.0 Spellcasting
 - Level 3.0 Hexes


You had 2 spell levels left.
You knew the following spells:

 Your Spells              Type           Power      Damage    Failure   Level
a - Slow                  Hex            36%        N/A       8%          1

Your spell library contained the following spells:

 Spells                   Type           Power      Damage    Failure   Level
 Tukima's Dance           Hex            9%         N/A       22%         3
 Inner Flame              Hex/Fire       4%         N/A       38%         3
 Portal Projectile        Hex/Tloc       8%         N/A       38%         3
 Cause Fear               Hex            4%         N/A       58%         4
 Passage of Golubria      Tloc           0%         N/A       95%         4
 Yara's Violent Unravell  Hex/Tmut       2%         3d3       98%         5


Dungeon Overview and Level Annotations

Branches:
Dungeon (1/15)

Altars:


Innate Abilities, Weirdness & Mutations

You are partially covered in sharp spines.


Message History

A dart slug is nearby!
You shoot a sling bullet. The sling bullet hits the dart slug.
The dart slug is moderately wounded.
The dart slug launches a dart at you. The slug dart misses you.
You shoot a sling bullet. The sling bullet hits the dart slug!
You kill the dart slug!
No target in view!
Found 2 stones.
A bat comes into view.
A bat is nearby!
You shoot a sling bullet.
The sling bullet hits the bat but does no damage.
You shoot a sling bullet. The sling bullet hits the bat.
The bat is heavily wounded.
The bat hits you but does no damage. The bat barely misses you.
A bat is nearby!
You shoot a sling bullet.
The sling bullet closely misses the bat.
The bat misses you.
A bat is nearby!
You shoot a sling bullet. The sling bullet barely misses the bat.
The bat barely misses you. The bat hits you but does no damage.
You shoot a sling bullet.
The sling bullet closely misses the bat.
The bat hits you but does no damage.
A bat is nearby!
A bat is nearby!
You shoot a sling bullet. The sling bullet misses the bat.
The bat barely misses you. The bat misses you.
You shoot a sling bullet. The sling bullet hits the bat.
You kill the bat!
You have reached level 2!
Your demonic ancestry asserts itself...
Sharp spines emerge from parts of your body.
Found a ring mail.
Unknown command.
There is a staircase leading out of the dungeon here.
Are you sure you want to leave the Dungeon?
This will make you lose the game!
You have escaped!

#.#.....#...#...#......#
#.#..#...#..#..#...#....#
##....#..#..#..#..#.....#
######.....#..#.#.#..#.......
.....#..#...#.#.#.#.#...#....
#........##..#.#.#.#..##.)...
...........##.#...#.##.......
.....#.......#.....#.........
.....#.######...@...######...
#....#.......#.....#.... ...
#..........##.#...#.##.).
#........##..#.#.#.#.. #.
........#...#.#.#.#.#...
#.##.......#..#. . ..#..
#.........#..#.. . ..#.
#####....#...#.. .. ...
#.#.....#...


There were no monsters in sight!

Vanquished Creatures
  A dart slug (D:1)
  A bat (D:1)
  An endoplasm (D:1)
  A giant cockroach (D:1)
  A hobgoblin (D:1)
5 creatures vanquished.

Notes
Turn   | Place    | Note
-------+----------+-------------------------------------------
     0 | D:1      | Alarkh the Demonspawn Hexslinger began the quest for the
                  | Orb.
     0 | D:1      | Reached XP level 1. HP: 15/15 MP: 2/2
   173 | D:1      | Gained mutation: You are partially covered in sharp spines.
                  | [demonic ancestry]
   173 | D:1      | Reached XP level 2. HP: 21/21 MP: 3/3
   205 | D:$      | Got out of the dungeon alive.

Illustrated notes

Levels and vault maps discovered:
D:1:      minmay_arrival_radiant_lines, layout_basic,
          corexii_item_surrounded_by_moat

Skill      XL: |  1 |
---------------+----+-----
Ranged Weapons | 2 |  2.2
Fighting       | |  1.4
Dodging        | |  1.7
Spellcasting   | |  1.0
Hexes          | |  3.0

Action                     || total
---------------------------++-------
   Fire: Sling             ||    15
 Armour: Robe              ||     3
  Dodge: Dodged            ||     6
